NYP
WILLIAMSPORT CROSSCUTTERS @ BROOKLYN CYCLONES
08/20/2049
 
TOP OF THE 1ST
Williamsport Crosscutters batting - Pitching for Brooklyn Cyclones : RHP R.J. Barr
Pitching: RHP R.J. Barr
Batting: RHB Eddie Serna 0-0: Called Strike
0-1: Swinging Strike
0-2: Foul Ball, location: 2F
0-2: Ball
1-2: Strikes out swinging
Batting: LHB Ryan Young 0-0: Called Strike
0-1: Foul Ball, location: 2F
0-2: Ball
1-2: Ball
2-2: Ball
3-2: Foul Ball, location: 2F
3-2: Foul Ball, location: 2F
3-2: Strikes out swinging
Batting: LHB Rich Kuehne 0-0: Foul Ball, location: 2F
0-1: Ball
1-1: Ball
2-1: Foul Ball, location: 2F
2-2: Ball
3-2: Foul Ball, location: 2F
3-2: Strikes out swinging
Top of the 1st over - 0 runs, 0 hits, 0 errors, 0 left on base; Williamsport 0 - Brooklyn 0
BOTTOM OF THE 1ST
Brooklyn Cyclones batting - Pitching for Williamsport Crosscutters : LHP Josh Schmidt
Pitching: LHP Josh Schmidt
Batting: RHB Prabhukumar Santhanakrishnan 0-0: Ground out 4-3 (Groundball, 4, EV 87.5 MPH)
Batting: SHB Callum Lynch 0-0: Ball
1-0: Ground out 6-3 (Groundball, 6, EV 81.9 MPH)
Batting: RHB Sang-ton Pak 0-0: Swinging Strike
0-1: Ball
1-1: Foul Ball, location: 2F
1-2: Strikes out swinging
Bottom of the 1st over - 0 runs, 0 hits, 0 errors, 0 left on base; Williamsport 0 - Brooklyn 0
TOP OF THE 2ND
Williamsport Crosscutters batting - Pitching for Brooklyn Cyclones : RHP R.J. Barr
Batting: LHB Jean-Claude Vanbiesbrouck 0-0: Ball
1-0: Called Strike
1-1: Ball
2-1: Swinging Strike
2-2: Ground out 6-3 (Groundball, 6, EV 103.8 MPH)
Batting: LHB Dennis French 0-0: Called Strike
0-1: Ground out 3-1 (Groundball, 34, EV 86.9 MPH)
Batting: RHB Simon Mergeni 0-0: Ball
1-0: Ball
2-0: Called Strike
2-1: Ground out 4-3 (Groundball, 4, EV 84.4 MPH)
Top of the 2nd over - 0 runs, 0 hits, 0 errors, 0 left on base; Williamsport 0 - Brooklyn 0
BOTTOM OF THE 2ND
Brooklyn Cyclones batting - Pitching for Williamsport Crosscutters : LHP Josh Schmidt
Batting: RHB Bill Crogan 0-0: Called Strike
0-1: Ball
1-1: Swinging Strike
1-2: Foul Ball, location: 2F
1-2: Foul Ball, location: 2F
1-2: Fly out, F9 (Flyball, 9D, EV 90.0 MPH)
Batting: RHB Mike Mathews 0-0: Swinging Strike
0-1: Foul Ball, location: 2F
0-2: Foul Ball, location: 3F, Error on foul ball, E3
0-2: DOUBLE (Line Drive, 78D, EV 109.4 MPH)
Batting: RHB Victor Reyes 0-0: Ball
1-0: Ball
2-0: Foul Ball, location: 2F
2-1: Swinging Strike
2-2: Strikes out swinging, 2-3 out at first.
Batting: RHB Matt Tittle 0-0: Ball
1-0: Called Strike
1-1: Called Strike
1-2: Strikes out swinging
Bottom of the 2nd over - 0 runs, 1 hit, 1 error, 1 left on base; Williamsport 0 - Brooklyn 0
TOP OF THE 3RD
Williamsport Crosscutters batting - Pitching for Brooklyn Cyclones : RHP R.J. Barr
Batting: RHB Joel Gomez 0-0: Called Strike
0-1: Ball
1-1: Ball
2-1: Foul Ball, location: 2F
2-2: Ball
3-2: Strikes out looking
Batting: LHB Bryant Dill 0-0: Ball
1-0: Called Strike
1-1: SINGLE (Groundball, 34D, EV 98.1 MPH)
Batting: RHB Rafael Soto 0-0: Ball
1-0: Foul Ball, location: 2F
1-1: Grounds into double play, 6-4-3 (Groundball, 6, EV 86.2 MPH)
Top of the 3rd over - 0 runs, 1 hit, 0 errors, 0 left on base; Williamsport 0 - Brooklyn 0
BOTTOM OF THE 3RD
Brooklyn Cyclones batting - Pitching for Williamsport Crosscutters : LHP Josh Schmidt
Batting: LHB Elmo Dreier 0-0: Ball
1-0: SINGLE (Flyball, 8RS, EV 95.6 MPH)
Batting: SHB Duri Chilemba 0-0: Ball
1-0: Ball
Elmo Dreier steals 2nd base (no throw)
2-0: Called Strike
2-1: Foul Ball, location: 2F
2-2: Strikes out looking
Batting: RHB Prabhukumar Santhanakrishnan 0-0: Foul Ball, location: 2F
0-1: Called Strike
0-2: Ground out 6-3 (Groundball, 6, EV 86.2 MPH)
Elmo Dreier to third
Batting: SHB Callum Lynch 0-0: Ball
1-0: Fly out, F8 (Line Drive, 8RM, EV 93.1 MPH)
Bottom of the 3rd over - 0 runs, 1 hit, 0 errors, 1 left on base; Williamsport 0 - Brooklyn 0
TOP OF THE 4TH
Williamsport Crosscutters batting - Pitching for Brooklyn Cyclones : RHP R.J. Barr
Batting: RHB Eddie Serna 0-0: Called Strike
0-1: Called Strike
0-2: Ball
1-2: Foul Ball, location: 2F
1-2: Strikes out swinging
Batting: LHB Ryan Young 0-0: Ball
1-0: Called Strike
1-1: Foul Ball, location: 2F
1-2: Ball
2-2: Strikes out looking
Batting: LHB Rich Kuehne 0-0: Foul Ball, location: 2F
0-1: Ball
1-1: Ball
2-1: Ball
3-1: Base on Balls
Batting: LHB Jean-Claude Vanbiesbrouck 0-0: Foul Ball, location: 2F
0-1: Swinging Strike
0-2: Strikes out looking
Top of the 4th over - 0 runs, 0 hits, 0 errors, 1 left on base; Williamsport 0 - Brooklyn 0
BOTTOM OF THE 4TH
Brooklyn Cyclones batting - Pitching for Williamsport Crosscutters : LHP Josh Schmidt
Batting: RHB Sang-ton Pak 0-0: Ball
1-0: Called Strike
1-1: Ball
2-1: Swinging Strike
2-2: Ball
3-2: Strikes out swinging
Batting: RHB Bill Crogan 0-0: Fly out, F9 (Flyball, 89S, EV 92.5 MPH)
Batting: RHB Mike Mathews 0-0: Ball
1-0: Foul Ball, location: 2F
1-1: SINGLE (Line Drive, 6M, EV 108.8 MPH)
Batting: RHB Victor Reyes 0-0: Foul Ball, location: 2F
0-1: DOUBLE (Line Drive, 9LM, EV 111.2 MPH)
Mike Mathews to third
Runner from 3rd tries for Home, SAFE, throw by RF to home
Batting: RHB Matt Tittle 0-0: Ball
1-0: Swinging Strike
1-1: Ball
2-1: Ground out 6-3 (Groundball, P, EV 92.5 MPH)
Bottom of the 4th over - 1 run, 2 hits, 0 errors, 1 left on base; Williamsport 0 - Brooklyn 1
TOP OF THE 5TH
Williamsport Crosscutters batting - Pitching for Brooklyn Cyclones : RHP R.J. Barr
Batting: LHB Dennis French 0-0: Swinging Strike
0-1: Swinging Strike
0-2: Ball
1-2: Strikes out swinging
Batting: RHB Simon Mergeni 0-0: Ball
1-0: Foul Ball, location: 2F
1-1: Swinging Strike
1-2: Strikes out swinging
Batting: RHB Joel Gomez 0-0: Fly out, F9 (Flyball, 89D, EV 105.6 MPH)
Top of the 5th over - 0 runs, 0 hits, 0 errors, 0 left on base; Williamsport 0 - Brooklyn 1
BOTTOM OF THE 5TH
Brooklyn Cyclones batting - Pitching for Williamsport Crosscutters : LHP Josh Schmidt
Batting: LHB Elmo Dreier 0-0: SINGLE (Groundball, 23, EV 74.4 MPH) (infield hit)
Batting: SHB Duri Chilemba 0-0: Called Strike
0-1: Fielders Choice at 2nd, 4-6 (Groundball, 4, EV 97.5 MPH)
Batting: RHB Prabhukumar Santhanakrishnan 0-0: Fielders Choice at 2nd, 1-6 (Groundball, 34S, EV 73.8 MPH)
Batting: SHB Callum Lynch 0-0: Called Strike
0-1: Fly out, F4 (Line Drive, 4M, EV 65.0 MPH)
Bottom of the 5th over - 0 runs, 1 hit, 0 errors, 1 left on base; Williamsport 0 - Brooklyn 1
TOP OF THE 6TH
Williamsport Crosscutters batting - Pitching for Brooklyn Cyclones : RHP R.J. Barr
Batting: LHB Bryant Dill 0-0: Called Strike
0-1: Swinging Strike
0-2: Ball
1-2: Strikes out looking
Batting: RHB Rafael Soto 0-0: Ball
1-0: Foul Ball, location: 2F
1-1: Foul Ball, location: 2F
1-2: Ball
2-2: Strikes out looking
Batting: RHB Eddie Serna 0-0: Ball
1-0: Called Strike
1-1: Ball
2-1: Called Strike
2-2: Strikes out swinging
Top of the 6th over - 0 runs, 0 hits, 0 errors, 0 left on base; Williamsport 0 - Brooklyn 1
BOTTOM OF THE 6TH
Brooklyn Cyclones batting - Pitching for Williamsport Crosscutters : LHP Josh Schmidt
Batting: RHB Sang-ton Pak 0-0: Called Strike
0-1: Ball
1-1: Ball
2-1: Foul Ball, location: 2F
2-2: Ground out U3 (Groundball, 34S, EV 83.1 MPH)
Batting: RHB Bill Crogan 0-0: Ball
1-0: Ball
2-0: Called Strike
2-1: Ball
3-1: Base on Balls
Batting: RHB Mike Mathews 0-0: SINGLE (Groundball, 56D, EV 105.0 MPH)
Bill Crogan to second
Batting: RHB Victor Reyes 0-0: SINGLE (Line Drive, 89M, EV 96.9 MPH)
Bill Crogan to third
Mike Mathews to second
Batting: RHB Matt Tittle 0-0: Ball
1-0: Ball
2-0: Ball
3-0: Called Strike
3-1: Called Strike
3-2: Grounds into fielders choice 3-2 (Groundball, 34S, EV 88.1 MPH)
Mike Mathews to third
Victor Reyes to second
Batting: LHB Elmo Dreier 0-0: SINGLE (Line Drive, 6MD, EV 104.4 MPH)
Mike Mathews scores
Victor Reyes to third
Matt Tittle to second
Batting: SHB Duri Chilemba 0-0: Ball
1-0: Fly out, F9 (Line Drive, 9, EV 103.8 MPH)
Bottom of the 6th over - 1 run, 3 hits, 0 errors, 3 left on base; Williamsport 0 - Brooklyn 2
TOP OF THE 7TH
Williamsport Crosscutters batting - Pitching for Brooklyn Cyclones : RHP R.J. Barr
Batting: LHB Ryan Young 0-0: Called Strike
0-1: Ball
1-1: Ball
2-1: Called Strike
2-2: Ground out 4-3 (Groundball, 34, EV 103.8 MPH)
Batting: LHB Rich Kuehne 0-0: Ball
1-0: Ball
2-0: Fly out, F9 (Flyball, 9LD, EV 96.2 MPH)
Batting: LHB Jean-Claude Vanbiesbrouck 0-0: Called Strike
0-1: Foul Ball, location: 2F
0-2: Strikes out swinging
Top of the 7th over - 0 runs, 0 hits, 0 errors, 0 left on base; Williamsport 0 - Brooklyn 2
BOTTOM OF THE 7TH
Brooklyn Cyclones batting - Pitching for Williamsport Crosscutters : LHP Josh Schmidt
Pitching: RHP Tim Starks
Batting: RHB Prabhukumar Santhanakrishnan 0-0: Ball
1-0: Called Strike
1-1: Ball
2-1: Reached on error, E4 (Groundball, 4, EV 103.8 MPH)
Batting: SHB Callum Lynch 0-0: Ball
1-0: Ball
2-0: Bunted foul
2-1: Bunted foul
2-2: Foul Ball, location: 2F
2-2: Hit by Pitch
Prabhukumar Santhanakrishnan to second
Batting: RHB Sang-ton Pak 0-0: Swinging Strike
0-1: Ball
1-1: Ball
2-1: SINGLE (Line Drive, 7LS, EV 103.1 MPH)
Prabhukumar Santhanakrishnan to third
Callum Lynch to second
Batting: RHB Bill Crogan 0-0: Swinging Strike
0-1: Foul Ball, location: 2F
0-2: Ball
1-2: Strikes out swinging
Batting: RHB Mike Mathews 0-0: Ball
Wild Pitch!
Prabhukumar Santhanakrishnan scores
Callum Lynch to third
Sang-ton Pak to second
1-0: Called Strike
1-1: Ball
2-1: Ground out 5-3 (Groundball, 56S, EV 85.0 MPH)
Callum Lynch scores
Batting: RHB Victor Reyes 0-0: Called Strike
0-1: Foul Ball, location: 2F
0-2: Ball
1-2: Ball
2-2: Foul Ball, location: 2F
2-2: Strikes out swinging
Bottom of the 7th over - 2 runs, 1 hit, 1 error, 1 left on base; Williamsport 0 - Brooklyn 4
TOP OF THE 8TH
Williamsport Crosscutters batting - Pitching for Brooklyn Cyclones : RHP R.J. Barr
Batting: LHB Dennis French 0-0: Ball
1-0: Ground out 4-3 (Groundball, 4, EV 106.2 MPH)
Batting: RHB Simon Mergeni 0-0: Called Strike
0-1: Foul Ball, location: 2F
0-2: Ball
1-2: Ball
2-2: Ball
3-2: Foul Ball, location: 2F
3-2: Fly out, F8 (Line Drive, 8RD, EV 96.2 MPH)
Batting: RHB Joel Gomez 0-0: Ball
1-0: Fly out, F9 (Flyball, 89M, EV 76.9 MPH)
Top of the 8th over - 0 runs, 0 hits, 0 errors, 0 left on base; Williamsport 0 - Brooklyn 4
BOTTOM OF THE 8TH
Brooklyn Cyclones batting - Pitching for Williamsport Crosscutters : RHP Tim Starks
Batting: RHB Matt Tittle 0-0: Ball
1-0: Ball
2-0: Ground out 3-1 (Groundball, 34S, EV 86.2 MPH)
Batting: LHB Elmo Dreier 0-0: Ball
1-0: Swinging Strike
1-1: Ball
2-1: Ball
3-1: Fly out, F9 (Flyball, 9D, EV 95.6 MPH)
Batting: SHB Duri Chilemba 0-0: Called Strike
0-1: Foul Ball, location: 2F
0-2: Strikes out looking
Bottom of the 8th over - 0 runs, 0 hits, 0 errors, 0 left on base; Williamsport 0 - Brooklyn 4
TOP OF THE 9TH
Williamsport Crosscutters batting - Pitching for Brooklyn Cyclones : RHP R.J. Barr
Pitching: LHP Joe Edwards
Batting: LHB Bryant Dill 0-0: Ball
1-0: Foul Ball, location: 2F
1-1: Ball
2-1: Foul Ball, location: 2F
2-2: Foul Ball, location: 2F
2-2: Foul Ball, location: 2F
2-2: Strikes out swinging
Pitching: RHP Jason Horvath
Pinch Hitting: LHB Jason Duda 0-0: Called Strike
0-1: SINGLE (Groundball, 56D, EV 95.0 MPH)
Batting: RHB Eddie Serna 0-0: Ball
1-0: Called Strike
1-1: Fielders Choice at 2nd, 4-6 (Groundball, 4, EV 86.2 MPH)
Batting: LHB Ryan Young 0-0: Foul Ball, location: 2F
0-1: Ball
1-1: Called Strike
1-2: Strikes out swinging
Top of the 9th over - 0 runs, 1 hit, 0 errors, 1 left on base; Williamsport 0 - Brooklyn 4
Sunday, July 16th , 2023 - OOTP Baseball 24.6 Build 69